 Dungeon Crawl Stone Soup version 0.19.1 (webtiles) character file.

79 SQman the Sneak (level 4, -4/34 HPs)
             Began as a Draconian Wanderer on Dec 21, 2016.
             Slain by Sigmund
             ... wielding a +0 scythe
              (15 damage)
             ... on level 2 of the Dungeon.
             The game lasted 00:07:35 (1153 turns).

SQman the Sneak (Draconian Wanderer)                Turns: 1153, Time: 00:07:36

Health: -4/34      AC:  5    Str: 10    XL:     4   Next: 17%
Magic:  1/4        EV: 11    Int: 16    God:
Gold:   75         SH:  0    Dex: 12    Spells: 1 memorised, 2 levels left

rFire  . . .     SeeInvis .     l - staff of wizardry
rCold  . . .     Gourm    .     (armour unavailable)
rNeg   . . .     Faith    .     (no shield)
rPois  .         Spirit   .     (helmet restricted)
rElec  .         Reflect  .     (no cloak)
rCorr  .         Harm     .     (no gloves)
MR     .....                    (no boots)
Stlth  ++........               (no amulet)
                                (no ring)
                                (no ring)

@: no status effects
A: unfitting armour, cold-blooded, AC +5
a: no special abilities


You were on level 2 of the Dungeon.
You were not hungry.

You visited 1 branch of the dungeon, and saw 2 of its levels.

You collected 75 gold pieces.

Inventory:

Hand Weapons
 d - a +0 dagger
Missiles
 k - 5 javelins (quivered)
Magical Staves
 l - an uncursed staff of wizardry (weapon)
Scrolls
 c - 2 scrolls of teleportation
 e - 3 scrolls of identify
 i - a scroll of amnesia
 j - a scroll of remove curse {unknown}
Books
 a - a book of Flames

   Spells                             Type                      Level
   a - Flame Tongue                   Conjuration/Fire             1
   b - Throw Flame                    Conjuration/Fire             2
   c - Conjure Flame                  Conjuration/Fire             3
   d - Inner Flame                    Hexes/Fire                   3
   e - Sticky Flame                   Conjuration/Fire             4
   f - Fireball                       Conjuration/Fire             5
 b - the Handbook of Objectivity

   Spells                             Type                      Level
   a - Corona                         Hexes                        1
   b - Summon Guardian Golem          Hexes/Summoning              3
Comestibles
 f - a bread ration
 g - a beef jerky


   Skills:
 + Level 0.4 Fighting
 + Level 1.4 Short Blades
   Level 3.0 Polearms
 + Level 1.0 Throwing
 + Level 0.6 Dodging
 + Level 3.8 Stealth
 + Level 0.4 Conjurations
 + Level 3.4 Fire Magic


You had 2 spell levels left.
You knew the following spells:

 Your Spells              Type           Power        Failure   Level  Hunger
a - Flame Tongue          Conj/Fire      #....        6%          1    ##.....


Dungeon Overview and Level Annotations

Branches:
Dungeon (2/15)

Altars:

Annotations:
D:2 Sigmund


Innate Abilities, Weirdness & Mutations

Your plain brown scales are hard. (AC +5)
You cannot fit into any form of body armour.
You are cold-blooded and may be slowed by cold attacks.


Message History

The jackal bites you but does no damage.
The jackal barely misses you.
Sigmund screams, "I am the angel of ZOT!!!"
You closely miss the jackal.
The jackal is almost dead.
The jackal barely misses you. Sigmund barely misses you.
The jackal bites you but does no damage.
You completely miss the jackal.
The jackal is almost dead.
The jackal closely misses you. Sigmund gestures at you while chanting.
The puff of flame hits you!
You hit the jackal but do no damage.
The jackal is almost dead.
The jackal bites you but does no damage.
Sigmund barely misses you. The jackal closely misses you.
You hit the jackal.
You kill the jackal!
Sigmund hits you with a scythe!
You die...

### ...
########+###.####
.................
...............$.
#................. ..
+.......††@@...... ..
#.......%#......## ...
#........#.......# ....
#........#.......# ....#
#........#........
....###........#........
.......##...............
.......##.............##
.......................


You could see Sigmund.

Vanquished Creatures
  Natasha (D:2)
  2 adders (D:2)
  3 dart slugs (D:1)
  6 bats (D:1)
  A giant cockroach (D:1)
  4 goblins (D:1)
  2 hobgoblins (D:1)
  4 jackals (D:2)
  A ball python (D:2)
  A frilled lizard (D:1)
  5 kobolds
  A rat (D:1)
31 creatures vanquished.

Notes
Turn   | Place    | Note
-------+----------+-------------------------------------------
     0 | D:1      | SQman the Draconian Wanderer began the quest for the Orb.
     0 | D:1      | SQman set off with: a book of Flames, the Handbook of Objectivity, a scroll of teleportation, a +0 dagger, a bread ration
     0 | D:1      | Reached XP level 1. HP: 14/14 MP: 1/1
     0 | D:1      | Identified the Handbook of Objectivity
   117 | D:1      | Reached XP level 2. HP: 18/20 MP: 2/2
   133 | D:1      | Learned a level 1 spell: Flame Tongue
   645 | D:1      | Reached XP level 3. HP: 23/26 MP: 1/3
   957 | D:2      | Noticed Natasha
   972 | D:2      | Killed Natasha
   972 | D:2      | Reached skill level 1 in Short Blades
   972 | D:2      | Reached XP level 4. HP: 11/34 MP: 0/4
  1146 | D:2      | Noticed Sigmund
  1153 | D:2      | Slain by Sigmund

Skill      XL: |  1  2  3 |
---------------+----------+-----
Stealth        | 3 |  3.8
Short Blades   | 1 |  1.4
Fighting       | |  0.4
Polearms       | |  3.0
Throwing       | |  1.0
Dodging        | |  0.6
Conjurations   | |  0.4
Fire Magic     | |  3.4

Action                   |  1- 3 |  4- 6 || total
-------------------------+-------+-------++-------
Melee: Dagger            |    79 |       ||    79
       Tailslap          |     4 |       ||     4
       Staff             |     6 |    10 ||    16
 Cast: Flame Tongue      |    15 |     4 ||    19
  Use: Scroll            |     3 |       ||     3
 Stab: Sleeping          |     4 |     1 ||     5
  Eat: Chunk             |     1 |       ||     1
       Beef jerky        |       |     1 ||     1
Armor: Skin              |    28 |     9 ||    37
Dodge: Dodged            |    46 |     9 ||    55
